 Dungeon Crawl Stone Soup version 0.14-a0-2691-g997c442 (webtiles) character file.

198 DasRunzen the Sneak (level 4, -9/33 HPs)
             Began as a Vampire Assassin on Feb 18, 2014.
             Was a Follower of Jiyva.
             Killed by divine providence
             ... invoked by an orc priest
              (14 damage)
             ... on Level 3 of the Dungeon.
             The game lasted 00:06:29 (1795 turns).

DasRunzen the Sneak (Vampire Assassin)              Turns: 1795, Time: 00:06:29

HP  -9/33        AC  3     Str 10      XL: 4   Next: 13%
MP   4/4         EV 13     Int 13      God: Jiyva [*.....]
Gold 121         SH  0     Dex 16      Spells:  0 memorised,  3 levels left

rFire  . . .     SeeInvis +     a - +2 dagger
rCold  . . .     Clarity  .     c - +0 robe
rNeg   + + .     Conserve .     (no shield)
rPois  .         rCorr    .     (no helmet)
rElec  .         rRot     .     d - +0 cloak
SustAb . .       Spirit   .     (no gloves)
rMut   .         Warding  .     (no boots)
Saprov . . .     Stasis   .     (no amulet)
MR     .....                    h - ring of invisibility
                                i - cursed ring of positive energy {unknown}

@: not resistant to hostile enchantments, very stealthy
A: fangs 3, see invisible, unbreathing
a: Bat Form, Request Jelly, Renounce Religion, Evoke Invisibility


You were on level 3 of the Dungeon.
You worshipped Jiyva.
Jiyva was aware of your devotion.
You were not thirsty.

You visited 1 branch of the dungeon, and saw 3 of its levels.

You collected 121 gold pieces.

Inventory:

Hand weapons
 a - a +2,+2 dagger (weapon)
 b - a +0 blowgun
Missiles
 e - 8 poisoned needles
 f - 2 curare-tipped needles
Armour
 c - a +0 robe (worn)
 d - a +0 cloak (worn)
Scrolls
 j - a scroll of teleportation
Jewellery
 h - a ring of invisibility (right hand)
 i - a cursed ring of positive energy (left hand) {unknown}
 m - an uncursed ring of see invisible {unknown}
Potions
 g - a potion of blood
 k - a potion of heal wounds {unknown}
 l - a potion of lignification {unknown}
 o - a potion of restore abilities {unknown}


   Skills:
 + Level 2.2 Fighting
 + Level 2.9 Short Blades
 - Level 1.5 Throwing
 + Level 2.1 Dodging
 + Level 6.8 Stealth
 + Level 1.0 Evocations


You had 3 spell levels left.
You didn't know any spells.

Dungeon Overview and Level Annotations

Branches:
Dungeon (3/16)

Altars:
Jiyva


Innate Abilities, Weirdness & Mutations

You have razor-sharp teeth.*
You have supernaturally acute eyesight.
You can survive without breathing.*


Message History

The orc shouts!
The orc priest closely misses you.
You hit the orc priest but do no damage.
The orc priest mumbles some strange prayers to Beogh against you.
Something smites you!
You hit the orc priest but do no damage.
The orc priest closely misses you.
You barely miss the orc priest.
The orc priest invokes the aid of Beogh against you.
Pain shoots through your body!
* * * LOW HITPOINT WARNING * * *
You hit the orc priest but do no damage.
The orc hits you from afar with an orcish trident.
* * * LOW HITPOINT WARNING * * *
The orc hits you with an orcish club.
* * * LOW HITPOINT WARNING * * *
The orc priest closely misses you.
The orc priest calls down the wrath of Beogh upon you.
Something smites you!
You die...

#....# ##+# #.....
##... #..... #....
#....o#### #....
#...oo...#### #....
#.o....#### #.#.#
#.........# #%#..
#.........# #.#.#
#...@.....# #.#..
#.........# #.#.#
#.........#######.#..
#.........'.......#.#
#.........#########.#
########### #.# #.#
#.# #.#


You could see an orc priest and 3 orcs.

Vanquished Creatures
  4 giant geckos
  4 oozes (D:3)
  An orc (D:3)
  2 ball pythons
  A bat (D:1)
  4 giant cockroaches
  8 goblins
  5 hobgoblins
  10 jackals (D:2)
  A quokka (D:3)
  4 giant newts
  7 kobolds
  12 rats
63 creatures vanquished.

Vanquished Creatures (others)
  A jelly (D:3)
  An adder (D:3)
  5 orcs (D:3)
  A quokka (D:3)
  A goblin (D:3)
  2 rats (D:3)
11 creatures vanquished.

Grand Total: 74 creatures vanquished

Notes
Turn   | Place    | Note
--------------------------------------------------------------
     0 | D:1      | DasRunzen, the Vampire Assassin, began the quest for the Orb.
     0 | D:1      | Reached XP level 1. HP: 16/16 MP: 1/1
     3 | D:1      | Noticed a giant goldfish
     3 | D:1      | Noticed a giant goldfish
    80 | D:1      | Reached skill level 6 in Stealth
   173 | D:1      | Reached XP level 2. HP: 15/22 MP: 2/2
   740 | D:2      | Reached XP level 3. HP: 27/27 MP: 3/3
  1384 | D:3      | Found a viscous altar of Jiyva.
  1403 | D:3      | Reached skill level 1 in Evocations
  1418 | D:3      | Reached XP level 4. HP: 20/33 MP: 4/4
  1432 | D:3      | Became a worshipper of Jiyva Jeir the Shapeless
  1606 | D:3      | Acquired Jiyva's first power
  1795 | D:3      | Killed from afar by an orc priest

Action                   |  1- 3 |  4- 6 || total
-------------------------+-------+-------++-------
Melee: Dagger            |   164 |    31 ||   195
  Use: Scroll            |     3 |       ||     3
 Stab: Sleeping          |    14 |     1 ||    15
